 Dungeon Crawl Stone Soup version 0.20-a0-1065-g8446734 (webtiles) character file.

187631 kuniqs the Thaumaturge (level 18, -1/129 HPs)
             Began as a Gnoll Fire Elementalist on Apr 28, 2017.
             Was the Champion of Vehumet.
             Succumbed to Arachne's poison
             ... on level 2 of the Spider Nest on Apr 29, 2017.
             The game lasted 02:00:43 (31840 turns).

kuniqs the Thaumaturge (Gnoll Fire Elementalist)   Turns: 31840, Time: 02:00:43

Health: -1/129     AC: 19    Str:  7 (10) XL:     18   Next: 7%
Magic:  59/67      EV: 18    Int: 23 (26) God:    Vehumet [******]
Gold:   2514       SH: 13    Dex: 15 (17) Spells: 4/42 levels left

rFire    . . .     SeeInvis .   T - staff of power
rCold    . . .     Gourm    .   O - +2 shield "Amuaq" {MP+9}
rNeg     . . .     Faith    .   R - +1 ring mail of the Tormentor {rElec rPois}
rPois    +         Spirit   .   U - +0 helmet
rElec    +         Reflect  .   D - +1 cloak
rCorr    .         Harm     .   Q - +2 pair of gloves of the Pleiades {*Slow +Blink Int+3 Dex+3}
MR       .....                  P - +1 pair of boots
Stlth    +++.......             l - amulet of magic regeneration
Regen    0.4/turn               M - +5 ring of evasion
MPRegen  0.6/turn               I - ring of magical power

@: lethally poisoned (-1 -> -16), very slightly contaminated
A: short attention span, fangs 1, thin metallic scales 1, strong 1, strong nose
}: 1/15 runes: decaying
a: Renounce Religion, Evoke Blink


You were on level 2 of the Spider Nest.
You worshipped Vehumet.
Vehumet was exalted by your worship.
You were near starving.

You visited 6 branches of the dungeon, and saw 31 of its levels.
You visited the Abyss 1 time.

You collected 3265 gold pieces.
You spent 751 gold pieces at shops.

Inventory:

Missiles
 o - 3 throwing nets (quivered)
 J - 572 stones
Armour
 q - a scarf of cold resistance
 D - a +1 cloak (worn)
 O - the +2 shield "Amuaq" (worn) {MP+9}
   (You bought it in a shop on level 2 of the Orcish Mines)

   It affects your magic capacity (+9).
 P - a +1 pair of boots (worn)
 Q - the +2 pair of gloves of the Pleiades (worn) {*Slow +Blink Int+3 Dex+3}
   (You found it on level 1 of the Spider Nest)

   It affects your intelligence (+3).
   It affects your dexterity (+3).
   It lets you blink.
   It may slow you when you take damage.
 R - the +1 ring mail of the Tormentor (worn) {rElec rPois}
   (You found it on level 1 of the Lair of Beasts)

   It insulates you from electricity.
   It protects you from poison.
 U - a +0 helmet (worn)
Magical Staves
 T - an uncursed staff of power (weapon)
Jewellery
 l - an amulet of magic regeneration (around neck)
 I - a ring of magical power (right hand)
 M - a +5 ring of evasion (left hand)
Wands
 a - a wand of disintegration (13/24)
 m - a wand of digging (9/24)
 H - a wand of iceblast (6/15)
Scrolls
 c - 4 scrolls of enchant armour
 i - 5 scrolls of enchant weapon
 j - 5 scrolls of fear
 k - 11 scrolls of remove curse {@r2}
 p - 6 scrolls of amnesia
 t - 6 scrolls of teleportation
 u - 4 scrolls of magic mapping
 v - 2 scrolls of blinking
 w - 5 scrolls of fog
 B - 2 scrolls of summoning
 G - 7 scrolls of identify {@r1}
 K - 3 scrolls of recharging
 L - a scroll of immolation
 V - 3 scrolls of acquirement
Potions
 g - 7 potions of ambrosia
 h - 2 potions of haste
 s - 4 potions of flight
 x - 7 potions of agility
 z - 7 potions of curing {@q1}
 C - 3 potions of mutation
 E - 5 potions of brilliance
 F - 4 potions of heal wounds
 Y - 4 potions of resistance
Books
 b - a book of Flames

   Spells                             Type                      Level
   a - Flame Tongue                   Conjuration/Fire             1
   b - Throw Flame                    Conjuration/Fire             2
   c - Conjure Flame                  Conjuration/Fire             3
   d - Inner Flame                    Hexes/Fire                   3
   e - Sticky Flame                   Conjuration/Fire             4
   f - Fireball                       Conjuration/Fire             5
 n - a book of Necromancy

   Spells                             Type                      Level
   a - Pain                           Necromancy                   1
   b - Animate Skeleton               Necromancy                   1
   c - Vampiric Draining              Necromancy                   3
   d - Regeneration                   Charms/Necromancy            3
   e - Animate Dead                   Necromancy                   4
   f - Control Undead                 Necromancy                   4
 y - a book of Ice

   Spells                             Type                      Level
   a - Ice Form                       Ice/Transmutation            4
   b - Metabolic Englaciation         Hexes/Ice                    5
   c - Ozocubu's Refrigeration        Ice                          6
   d - Bolt of Cold                   Conjuration/Ice              6
   e - Freezing Cloud                 Conjuration/Ice/Air          6
   f - Simulacrum                     Ice/Necromancy               6
 N - a book of Power

   Spells                             Type                      Level
   a - Iskenderun's Battlesphere      Conjuration/Charms           5
   b - Venom Bolt                     Conjuration/Poison           5
   c - Bolt of Magma                  Conjuration/Fire/Earth       5
   d - Iron Shot                      Conjuration/Earth            6
   e - Orb of Destruction             Conjuration                  7
   f - Spellforged Servitor           Conjuration/Summoning        7
 X - a book of Geomancy

   Spells                             Type                      Level
   a - Sandblast                      Earth                        1
   b - Passwall                       Transmutation/Earth          2
   c - Stone Arrow                    Conjuration/Earth            3
   d - Petrify                        Transmutation/Earth          4
   e - Lee's Rapid Deconstruction     Earth                        5
Comestibles
 d - 11 bread rations
 e - 19 meat rations
 f - 33 fruits
 A - 2 royal jellies


   Skills:
 - Level 8.0 Fighting
 - Level 8.2 Armour
 - Level 8.0 Dodging
 - Level 8.1 Stealth
 + Level 11.6 Shields
 + Level 12.6 Spellcasting
 - Level 10.0 Conjurations
   Level 8.9 Hexes
 - Level 10.0 Charms
 - Level 10.0 Necromancy
 - Level 10.0 Fire Magic
 - Level 10.0 Air Magic
 - Level 10.0 Earth Magic
 - Level 8.0 Evocations


You had 4 spell levels left.
You knew the following spells:

 Your Spells              Type           Power        Failure   Level  Hunger
a - Flame Tongue          Conj/Fire      #####        1%          1    None
b - Sticky Flame          Conj/Fire      ######..     1%          4    None
c - Fireball              Conj/Fire      ######....   2%          5    ###....
d - Sandblast             Erth           ######       1%          1    None
e - Bolt of Draining      Conj/Necr      ######....   2%          5    ###....
f - Iskenderun's Battles  Conj/Chrm      ######..     2%          5    ###....
g - Conjure Ball Lightni  Conj/Air       ######....   13%         6    #####..
h - Lee's Rapid Deconstr  Erth           ######....   2%          5    ###....
i - Stone Arrow           Conj/Erth      ######       1%          3    None
j - Regeneration          Chrm/Necr      ######....   1%          3    None


Dungeon Overview and Level Annotations

Branches:
Dungeon (15/15)            Temple (1/1) D:6            Lair (6/6) D:9
  Swamp (4/4) Lair:2       Spider (3/4) Lair:2        Slime (0/5) Lair:6
    Orc (2/2) D:11            Elf (0/3) Orc:2        Vaults (0/5) D:14
 Depths (0/5) D:15

Altars:
Ashenzari
Cheibriados
Dithmenos
Elyvilon
Fedhas
Gozag
Hepliaklqana
Kikubaaqudgha
Makhleb
Nemelex Xobeh
Okawaru
Qazlal
Ru
Sif Muna
Trog
Uskayaw
Vehumet
Wu Jian
Xom
Yredelemnul
Zin
The Shining One
Beogh
Jiyva

Shops:
D:4 (   D:6 (   D:7 %   D:10 %   D:13 =}:%[   Orc:2 (:[*

Annotations:
Spider:2 Arachne


Innate Abilities, Weirdness & Mutations

You have a short attention span.
You have very sharp teeth.
Your uncanny sense of smell can sniff out nearby items.
You are partially covered in thin metallic scales. (AC +2)
Your muscles are strong. (Str +2)


Message History

The demonic crawler misses you.
You block the demonic crawler's attack. x2
Arachne says, "You'll find yourself a bit attached to my weave."
Arachne casts a spell at you. The poison arrow hits you!
You are more poisoned.
You partially resist.
* * * LOW HITPOINT WARNING * * *
You hear an angry hiss. x2
A tarantella comes into view.
You feel sick.
The jumping spider leaps!
Arachne hits you with a staff of poison!
* * * LOW HITPOINT WARNING * * *
You are more poisoned.
The demonic crawler hits you.
* * * LOW HITPOINT WARNING * * *
You block the demonic crawler's attack. The demonic crawler hits you.
* * * LOW HITPOINT WARNING * * *
The redback misses you.
You climb upwards.
You die...

.## ##......# #..... ..##
#.......## #.##.. #..#
##^......^# ##.#..# .^.#
###...^#.#..# #...... ...##
#^..#.......#####.#.. #...######
##).#.^..#.#..#.##^.. ###..^...##
#................#..
#.......####....##..#.........<
#........##^..@....###.###...#.
##..#.....#...sH.......#.......
#^.............#.......:......
#####.#..#....#.#.#......#.....##
#.#..#^..##....#........#.....#..
#........##.......#.#..#.#...^...
...#.#.####..#.#^...#^#.....##...
..#.....# ##...#......^##...#....
#......#####...#...##.#..##.#....


You could see Arachne and a demonic crawler.

Vanquished Creatures
  Jorgrun (Swamp:2)
  Agnes (Spider:2)
  The ghost of Alabastor the Executioner, an adept MiBe of Trog (Spider:1)
  Kirke (Swamp:1)
  A thorn hunter (Swamp:3)
  A ghost moth (Spider:2)
  A juggernaut zombie (D:15)
  Louise (Swamp:2)
  2 orc warlords (D:11)
  An entropy weaver (Spider:1)
  Nessos (D:15)
  The ghost of tsouns the Fighter, a journeyman GnWr of Okawaru (Lair:3)
  A fire dragon (Lair:6)
  Fannar (Orc:1)
  2 ghost crabs
  A vault guard (D:14)
  23 hydras
  2 centaur warriors
  A catoblepas (Lair:6)
  8 two-headed ogres
  A death knight (D:14)
  4 alligators
  5 death yaks (Lair:6)
  2 orc high priests (Orc:2)
  A tengu warrior (D:13)
  Urug (D:11)
  2 thrashing horrors (Abyss:3)
  The ghost of kuniqs the Arsonist, a novice GnFE of Vehumet (D:6)
  A shadow wraith (Abyss:3)
  A sixfirhy (Abyss:3)
  4 skeletal warriors
  A storm dragon skeleton (D:15)
  A fire crab (D:14)
  3 spriggan druids (Swamp:4)
  10 swamp dragons
  An unseen horror (D:14)
  2 starcursed masses (Abyss:3)
  A flayed ghost (D:15)
  7 shambling mangroves
  2 orb spiders (Spider:1)
  3 orc knights
  A necromancer (D:15)
  12 wolf spiders
  A phantasmal warrior (D:14)
  3 deep elf magi
  4 oklob plants (Lair:3)
  4 orc sorcerers (Orc:2)
  5 ugly things
  A moth of wrath (Spider:1)
  2 cyclopes
  A guardian serpent (Lair:6)
  11 elephants (Lair:6)
  2 centaur zombies (D:14)
  9 black mambas
  28 spiny frogs
  A torpor snail (Spider:1)
  2 gargoyles
  An efreet (D:14)
  A redback zombie (D:15)
  6 demonic crawlers
  3 rime drakes
  A yaktaur (D:13)
  3 large abominations (Abyss:3)
  10 komodo dragons
  An ancient zyme (Abyss:3)
  A guardian mummy (D:15)
  3 meliai (Spider:3)
  A queen bee (D:10)
  2 tengu conjurers
  8 jumping spiders
  5 tyrant leeches
  27 hornets
  9 trolls
  3 polar bears
  6 bog bodies
  Prince Ribbit (D:9)
  An ettin zombie (D:15)
  11 slime creatures
  26 blink frogs
  11 hippogriffs
  30 redbacks
  4 spriggans
  A deep troll skeleton (D:15)
  11 wyverns
  A ynoxinul (Abyss:3)
  13 tarantellas
  2 shadows (Swamp:1)
  A vampire (D:15)
  6 wraiths
  Grum (D:11)
  35 yaks
  4 hogs (Swamp:1)
  8 vampire mosquitoes
  4 hungry ghosts
  3 basilisks
  A neqoxec (Abyss:3)
  The ghost of Paps the Sneak, an amateur OpAs (D:3)
  4 acid dragons
  5 insubstantial wisps (Swamp:1)
  A two-headed ogre zombie (D:11)
  23 swamp worms
  7 wargs
  Edmund (D:5)
  22 water moccasins
  7 porcupines
  6 ice beasts
  A hornet zombie (D:14)
  33 orc warriors
  4 sky beasts
  21 swamp drakes
  2 black bears
  8 phantoms
  10 wolves
  14 centaurs
  8 ogres
  9 crocodiles
  2 small abominations (Abyss:3)
  25 bullfrogs
  4 big kobolds
  4 scorpions
  A wyvern skeleton (D:12)
  2 troll zombies (D:11)
  17 killer bees
  14 wights
  3 electric eels
  A howler monkey (D:10)
  7 crimson imps
  2 quasits
  10 jellies
  A bullfrog zombie (D:5)
  7 hounds
  20 orc priests
  7 centaur skeletons
  2 iguanas (Lair:6)
  16 orc wizards
  10 worker ants
  Terence (D:3)
  5 ogre zombies (D:11)
  A mummy (D:6)
  2 worker ant zombies
  15 gnolls
  A howler monkey skeleton (D:5)
  10 adders
  3 shadow imps
  A white imp (Abyss:3)
  3 oozes
  An adder zombie (D:5)
  3 worms
  A dart slug (D:1)
  4 leopard geckos
  84 orcs
  7 giant cockroaches
  6 goblins
  4 hobgoblins
  11 jackals
  3 quokkas
  8 bats
  3 frilled lizards
  2 goblin skeletons (D:11)
  5 goblin zombies
  3 hobgoblin zombies (D:11)
  20 kobolds
  A kobold zombie (D:6)
  A leopard gecko zombie (D:7)
  3 orc skeletons (D:11)
  13 orc zombies (D:11)
  8 rats
  4 fungi
  10 plants
1048 creatures vanquished.

Vanquished Creatures (others)
  56 ball lightnings
  An orc (D:6)
  25 fungi
  58 plants
  6 withered plants (D:15)
146 creatures vanquished.

Grand Total: 1194 creatures vanquished

Notes
Turn   | Place    | Note
-------+----------+-------------------------------------------
     0 | D:1      | kuniqs the Gnoll Fire Elementalist began the quest for the Orb.
     0 | D:1      | Reached XP level 1. HP: 13/13 MP: 4/4
   189 | D:1      | Reached skill level 1 in Fighting
   189 | D:1      | Reached XP level 2. HP: 20/21 MP: 4/6
   886 | D:2      | Reached skill level 4 in Spellcasting
   886 | D:2      | Reached XP level 3. HP: 21/26 MP: 3/8
  1202 | D:2      | Reached XP level 4. HP: 34/34 MP: 6/10
  1208 | D:2      | Learned a level 4 spell: Sticky Flame
  1584 | D:2      | Found an opulent altar of Gozag.
  2073 | D:3      | Reached skill level 5 in Fire Magic
  2166 | D:3      | Noticed Terence
  2179 | D:3      | Killed Terence
  2179 | D:3      | Reached XP level 5. HP: 41/41 MP: 7/12
  2287 | D:3      | Reached skill level 5 in Spellcasting
  2290 | D:3      | Found a deep blue altar of Sif Muna.
  2580 | D:3      | Noticed Paps's ghost (amateur OpAs)
  2617 | D:3      | Killed Paps's ghost
  2617 | D:3      | Reached XP level 6. HP: 38/49 MP: 3/14
  2630 | D:3      | Learned a level 5 spell: Fireball
  3043 | D:4      | Found a burning altar of Makhleb.
  3043 | D:4      | Noticed an Executioner
  3046 | D:4      | Noticed a ynoxinul
  3046 | D:4      | Noticed an orange demon
  3093 | D:4      | Found Vihyetug's Antique Weapon Shop.
  3313 | D:5      | Entered Level 5 of the Dungeon
  3350 | D:5      | Reached skill level 5 in Conjurations
  3362 | D:5      | Reached XP level 7. HP: 55/55 MP: 4/15
  3420 | D:5      | Reached skill level 6 in Spellcasting
  3423 | D:5      | Reached skill level 5 in Fighting
  3553 | D:5      | Noticed Edmund
  3563 | D:5      | Killed Edmund
  3960 | D:6      | Found a staircase to the Ecumenical Temple.
  3962 | D:6      | Noticed kuniqs's ghost (novice GnFE)
  3974 | D:6      | Reached XP level 8. HP: 59/64 MP: 11/18
  3976 | D:6      | Reached skill level 7 in Spellcasting
  4553 | Temple   | Entered the Ecumenical Temple
  4560 | Temple   | Became a worshipper of Vehumet
  5528 | D:6      | Found Umuotox's Antique Weapon Shoppe.
  5551 | D:7      | Found a sacrificial altar of Ru.
  5957 | D:7      | Found a snail-covered altar of Cheibriados.
  6242 | D:7      | Found Agapnuv's Food Emporium.
  6300 | D:8      | Found a basalt altar of Yredelemnul.
  6449 | D:8      | Reached skill level 8 in Spellcasting
  6449 | D:8      | Reached XP level 9. HP: 72/72 MP: 15/21
  6910 | D:8      | Reached * piety under Vehumet
  6910 | D:8      | Offered knowledge of Sandblast by Vehumet.
  6918 | D:8      | Learned a level 1 spell: Sandblast
  7476 | D:2      | Reached skill level 1 in Earth Magic
  7833 | D:9      | Reached skill level 5 in Dodging
  7837 | D:9      | Reached skill level 5 in Earth Magic
  8048 | D:9      | Reached XP level 10. HP: 64/80 MP: 14/22
  8189 | D:9      | Noticed a two-headed ogre
  8190 | D:9      | Offered knowledge of Magic Dart by Vehumet.
  8194 | D:9      | Killed a two-headed ogre
  8194 | D:9      | Reached ** piety under Vehumet
  8402 | D:9      | Found a staircase to the Lair.
  8481 | D:9      | Noticed Prince Ribbit
  8488 | D:9      | Killed Prince Ribbit
  8909 | D:10     | Entered Level 10 of the Dungeon
  8909 | D:10     | Noticed a brown ugly thing
  8944 | D:10     | Killed a brown ugly thing
  9012 | D:10     | Noticed a gargoyle
  9289 | D:10     | Found a radiant altar of Vehumet.
  9420 | D:10     | Offered knowledge of Ignite Poison by Vehumet.
  9710 | D:10     | Reached skill level 5 in Stealth
  9753 | D:10     | Found Zuarres's Food Shoppe.
  9761 | D:10     | Reached *** piety under Vehumet
  9768 | D:10     | Reached XP level 11. HP: 86/86 MP: 16/23
  9847 | D:10     | Reached skill level 9 in Spellcasting
 10082 | D:10     | Offered knowledge of Dazzling Spray by Vehumet.
 10087 | D:10     | Learned a level 3 spell: Dazzling Spray
 10123 | D:10     | Noticed a deep elf mage
 10249 | D:10     | Killed a deep elf mage
 10523 | D:11     | Found an ornate altar of the Wu Jian Council.
 10541 | D:11     | Noticed a cyan ugly thing
 10549 | D:11     | Killed a cyan ugly thing
 10549 | D:11     | Reached skill level 1 in Hexes
 10653 | D:11     | Noticed an eight-headed hydra
 10660 | D:11     | Killed an eight-headed hydra
 10909 | D:11     | Learned a level 5 spell: Iskenderun's Battlesphere
 10945 | D:11     | Noticed Urug
 10960 | D:11     | Killed Urug
 11041 | D:11     | Reached **** piety under Vehumet
 11043 | D:11     | Offered knowledge of Fulminant Prism by Vehumet.
 11219 | D:11     | Found a staircase to the Orcish Mines.
 11303 | D:11     | Noticed Grum
 11324 | D:11     | Killed Grum
 11327 | D:11     | Reached ***** piety under Vehumet
 11327 | D:11     | Offered knowledge of Lightning Bolt by Vehumet.
 11334 | D:11     | Learned a level 5 spell: Lightning Bolt
 11338 | D:11     | Noticed a two-headed ogre
 11343 | D:11     | Killed a two-headed ogre
 11343 | D:11     | Reached skill level 1 in Charms
 11343 | D:11     | Reached XP level 12. HP: 92/92 MP: 4/25
 11385 | D:11     | Noticed a two-headed ogre
 11393 | D:11     | Killed a two-headed ogre
 11393 | D:11     | Reached skill level 10 in Fire Magic
 11580 | D:11     | Reached skill level 10 in Earth Magic
 12112 | D:6      | Killed kuniqs's ghost
 12112 | D:6      | Reached skill level 5 in Hexes
 12112 | D:6      | Reached skill level 1 in Air Magic
 12599 | D:6      | Found a glowing golden altar of the Shining One.
 12752 | Lair:1   | Entered Level 1 of the Lair of Beasts
 12964 | Lair:1   | Reached skill level 1 in Evocations
 12983 | Lair:1   | Got a spiked ring mail
 12984 | Lair:1   | Identified the +1 ring mail of the Tormentor {rElec rPois} (You found it on level 1 of the Lair of Beasts)
 13166 | Lair:1   | Reached skill level 1 in Armour
 13737 | Lair:2   | Offered knowledge of Lee's Rapid Deconstruction by Vehumet.
 13973 | Lair:2   | Noticed a four-headed hydra
 13994 | Lair:2   | Killed a four-headed hydra
 13994 | Lair:2   | Reached skill level 5 in Charms
 14268 | Lair:2   | Reached skill level 1 in Shields
 14321 | Lair:2   | Found a staircase to the Swamp.
 14628 | Lair:2   | Found a hole to the Spider Nest.
 14664 | Lair:2   | Reached skill level 10 in Spellcasting
 14894 | Lair:2   | Reached skill level 10 in Conjurations
 15074 | Lair:3   | Reached XP level 13. HP: 42/98 MP: 25/27
 15368 | Lair:3   | Reached skill level 5 in Evocations
 15502 | Lair:3   | Reached skill level 5 in Air Magic
 15886 | Lair:3   | Noticed tsouns's ghost (journeyman GnWr)
 15902 | Lair:3   | Killed tsouns's ghost
 16467 | Lair:4   | Learned a level 5 spell: Lee's Rapid Deconstruction
 16471 | Lair:4   | Learned a level 3 spell: Stone Arrow
 16636 | Lair:4   | Reached skill level 5 in Armour
 16915 | Lair:5   | Reached skill level 5 in Shields
 17625 | Lair:6   | Entered Level 6 of the Lair of Beasts
 17634 | Lair:6   | Offered knowledge of Yara's Violent Unravelling by Vehumet.
 18240 | Lair:6   | Reached XP level 14. HP: 105/105 MP: 28/28
 18626 | Lair:6   | Identified 3 scrolls of acquirement
 18677 | Lair:6   | Offered knowledge of Bolt of Draining by Vehumet.
 18702 | Lair:6   | Learned a level 5 spell: Bolt of Draining
 18895 | Lair:6   | Found a runed door.
 18979 | Lair:6   | Found a viscous altar of Jiyva.
 19004 | Lair:6   | Found a staircase to the Slime Pits.
 19054 | Lair:6   | Reached skill level 1 in Necromancy
 19927 | Orc:1    | Entered Level 1 of the Orcish Mines
 19929 | Orc:1    | Noticed an orc warlord
 19951 | D:11     | Killed an orc warlord
 20070 | Orc:1    | Noticed Fannar
 20072 | Orc:1    | Killed Fannar
 20161 | Orc:2    | Entered Level 2 of the Orcish Mines
 20172 | Orc:2    | Found Dorghyf's Antique Weapon Shoppe.
 20172 | Orc:2    | Noticed an orc warlord
 20288 | D:11     | Killed an orc warlord
 20466 | Orc:1    | Reached XP level 15. HP: 82/110 MP: 17/29
 20671 | Orc:2    | Found a staircase to the Elven Halls.
 20714 | Orc:2    | Found Sofyodefu's Book Emporium.
 20851 | Orc:2    | Reached skill level 5 in Necromancy
 20858 | Orc:2    | Found Vath's Antique Armour Shop.
 20912 | Orc:2    | Bought a translucent shield for 294 gold pieces
 20912 | Orc:2    | Identified the +2 shield "Amuaq" {MP+9} (You bought it in a shop on level 2 of the Orcish Mines)
 20926 | Orc:2    | Bought a pair of embroidered gloves for 232 gold pieces
 21071 | Orc:2    | Found Ediniott's General Store.
 21645 | D:12     | Found a roughly hewn altar of Beogh.
 21653 | D:12     | Reached ****** piety under Vehumet
 21963 | D:12     | Offered knowledge of Conjure Ball Lightning by Vehumet.
 22284 | D:13     | Found Caikol's Gadget Shop.
 22343 | D:13     | Found Zoaxt's Food Boutique.
 22377 | D:13     | Reached skill level 11 in Spellcasting
 22712 | D:13     | Gained mutation: You are partially covered in thin metallic scales. (AC +2) [mutagenic meat]
 22713 | D:13     | Gained mutation: Your muscles are strong. (Str +2) [mutagenic meat]
 22732 | D:13     | Found Batzukhl Sida's Book Shop.
 22856 | D:13     | Found Illao's Jewellery Boutique.
 22997 | D:13     | Found Ojeupn's Antique Armour Emporium.
 23006 | D:13     | Bought a pair of embroidered gloves for 225 gold pieces
 23646 | D:14     | Reached skill level 10 in Charms
 24057 | D:14     | Learned a level 6 spell: Conjure Ball Lightning
 24058 | D:14     | Found a gate to the Vaults.
 24262 | D:15     | Entered Level 15 of the Dungeon
 24276 | D:15     | Offered knowledge of Poison Arrow by Vehumet.
 24383 | D:15     | Noticed Nessos
 24392 | D:15     | Killed Nessos
 24392 | D:15     | Reached XP level 16. HP: 117/117 MP: 31/31
 25015 | D:15     | Reached skill level 10 in Air Magic
 25137 | D:15     | Found a staircase to the Depths.
 25796 | Swamp:1  | Entered Level 1 of the Swamp
 26001 | Swamp:1  | Noticed Kirke
 26005 | Swamp:1  | Killed Kirke
 26440 | Swamp:1  | Reached skill level 10 in Shields
 26724 | Swamp:2  | Offered knowledge of Bolt of Fire by Vehumet.
 27269 | Swamp:2  | Noticed Louise
 27273 | Swamp:2  | Cast into level 3 of the Abyss (Louise)
 27274 | Abyss:3  | FKUC
 27488 | Swamp:2  | Escaped the Abyss
 27495 | Swamp:2  | Killed Louise
 27610 | Swamp:2  | Noticed Jorgrun
 27628 | Swamp:2  | Killed Jorgrun
 28213 | Swamp:3  | Noticed a thorn hunter
 28218 | Swamp:3  | Killed a thorn hunter
 28218 | Swamp:3  | Reached skill level 10 in Necromancy
 28265 | Swamp:3  | Reached XP level 17. HP: 95/122 MP: 32/32
 28270 | Swamp:3  | Learned a level 3 spell: Regeneration
 28823 | Swamp:3  | Offered knowledge of Lehudib's Crystal Spear by Vehumet.
 28823 | Swamp:3  | Offered knowledge of Fire Storm by Vehumet.
 28823 | Swamp:3  | Offered knowledge of Chain Lightning by Vehumet.
 29275 | Swamp:4  | Entered Level 4 of the Swamp
 29612 | Swamp:4  | Reached skill level 12 in Spellcasting
 30069 | Swamp:4  | Got a decaying rune of Zot
 30111 | Swamp:4  | Got a bloodstained hand crossbow
 30112 | Swamp:4  | Identified the cursed +0 hand crossbow "Axzauzy" {venom, *Corrode Fragile +Blink rPois} (You found it on level 4 of the Swamp)
 30388 | Spider:1 | Entered Level 1 of the Spider Nest
 30411 | Spider:1 | Identified the +2 pair of gloves of the Pleiades {*Slow +Blink Int+3 Dex+3} (You found it on level 1 of the Spider Nest)
 30597 | Spider:1 | Noticed Alabastor's ghost (adept MiBe)
 30605 | Spider:1 | Killed Alabastor's ghost
 30889 | Spider:2 | Noticed Agnes
 30894 | Spider:2 | Killed Agnes
 31401 | Spider:2 | Reached XP level 18. HP: 33/129 MP: 6/34
 31831 | Spider:3 | Noticed Arachne
 31839 | Spider:3 | HP: 5/129 [demonic crawler (2)]
 31839 | Spider:3 | HP: 1/129 [demonic crawler (4)]
 31840 | Spider:2 | Succumbed to Arachne's poison

Vault maps used:
D:1:      elethiomel_arrival_infinity_welcomes_careful_drivers,
          grunt_decor_resistance, hangedman_abyss_or_decor_lesser_grid,
          minmay_strange_pillars
D:2:      grunt_gozag_breadcrumbs
D:3:      tgw_sif, first_bread, uniq_terence
D:4:      serial_shops, shop, minivault_19, makhleb_altar_promises_db
D:5:      uniq_edmund
D:6:      lemuel_round_altar, minmay_temple_entry_trees,
          nicolae_ossuary_entry_giza, serial_shops, shop, serial_bayou_ford_a
D:7:      lemuel_round_altar, lemuel_doored_altar, serial_shops, kennysheep_mini
D:8:      yredelemnul_altar_generic
D:9:      david_lair_shrubbed, uniq_prince_ribbit1
D:10:     serial_shops, shop, basic_altar, david_nohive_1, grunt_ministairs_2
D:11:     zombieorc2_lemuel, basic_altar, uniq_grum, uniq_urug
D:13:     serial_shops, nicolae_shop_crystal, nicolae_shop_waterfront,
          kennysheep_mini_moat, shop,
          nicolae_shop_temple_entry_statues_fountains, kb_tengu_band
D:14:     david_vaults_5, nicolae_benzene_ring
D:15:     gammafunk_depths_entry_grave, hangedman_abyss_or_decor_stabs,
          uniq_nessos
Temple:   nicolae_temple_no_exploring_needed
Lair:2:   nicolae_swamp_entry_splash_gauntlet, dummy_spider_entry, minivault_11,
          lemuel_fruit_fields, serial_bayou_shore_a, infiniplex_staircase_pool_2
Lair:3:   minmay_lair_oklob_chamber
Lair:4:   st_stairs_12, serial_bayou_shore_b, grunt_megastairs_1
Lair:6:   hangedman_lair_tendril_chambers, guppyfry_lair_end_dragon,
          slime_altar_2
Swamp:1:  nicolae_swamp_very_dense_foliage, uniq_kirke
Swamp:2:  serial_swamp_ruin, evilmike_swamp_ruin_wall,
          evilmike_swamp_ruin_house_3, evilmike_swamp_ruin_house_6,
          uniq_jorgrun, uniq_louise
Swamp:3:  evilmike_swamp_ruin_house_4
Swamp:4:  swamp, swamp_pool1, water_boxes_lemuel
Spider:2: uniq_agnes
Spider:3: spider_trap, nicolae_spider_webs_and_nodes, uniq_arachne
Orc:1:    nicolae_orc_flooded_monolith, uniq_fannar
Orc:2:    grunt_orc_gardens, grunt_orc_garden, grunt_orc_garden,
          grunt_orc_garden, grunt_orc_garden

Skill      XL: |  1  2  3  4  5  6  7  8  9 10 11 12 13 14 15 16 17 |
---------------+----------------------------------------------------+-----
Fighting       | 1 2 3 4 6 7 8 |  8.0
Conjurations   | 2 3 4 5 6 7 8 9 10 | 10.0
Spellcasting   | 4 5 6 8 9 10 11 12 | 12.6
Fire Magic     | 5 6 7 8 9 10 | 10.0
Earth Magic    | 7 9 10 | 10.0
Dodging        | 7 8 |  8.0
Stealth        | 5 7 8 |  8.1
Hexes          | 4 7 8 |  8.9
Charms         | 1 6 8 9 10 | 10.0
Air Magic      | 4 7 8 9 10 | 10.0
Evocations     | 4 7 8 |  8.0
Armour         | 3 6 8 |  8.2
Shields        | 2 6 8 9 10 11 | 11.6
Necromancy     | 4 8 10 | 10.0

Action                   |  1- 3 |  4- 6 |  7- 9 | 10-12 | 13-15 | 16-18 || total
-------------------------+-------+-------+-------+-------+-------+-------++-------
Melee: Dagger            |     8 |     4 |       |       |       |       ||    12
       Bite              |     2 |       |     3 |     5 |     7 |       ||    17
       Rapier            |       |    15 |    51 |    78 |    82 |     4 ||   230
       Staff             |       |       |       |       |       |     5 ||     5
 Cast: Flame Tongue      |    50 |    87 |   175 |   356 |   345 |   286 ||  1299
       Sticky Flame      |       |     3 |    24 |    55 |    30 |     5 ||   117
       Fireball          |       |       |    16 |    60 |   163 |    99 ||   338
       Sandblast         |       |       |     2 |    26 |    44 |   142 ||   214
       Iskenderun's Batt |       |       |       |     5 |    82 |    67 ||   154
       Dazzling Spray    |       |       |       |     1 |       |       ||     1
       Lightning Bolt    |       |       |       |     1 |    22 |       ||    23
       Stone Arrow       |       |       |       |       |   136 |   154 ||   290
       Bolt of Draining  |       |       |       |       |    25 |    53 ||    78
       Lee's Rapid Decon |       |       |       |       |    12 |     4 ||    16
       Conjure Ball Ligh |       |       |       |       |       |    29 ||    29
       Regeneration      |       |       |       |       |       |    21 ||    21
Evoke: Wand              |       |       |       |       |       |    14 ||    14
  Use: Potion            |       |       |     3 |     5 |       |     7 ||    15
       Scroll            |       |       |       |    20 |     6 |    14 ||    40
 Stab: Distracted        |     1 |       |       |       |       |       ||     1
       Sleeping          |       |     1 |       |     1 |     2 |       ||     4
  Eat: Chunk             |     1 |     7 |    14 |    38 |    84 |    39 ||   183
       Royal jelly       |       |       |     1 |     1 |     2 |    12 ||    16
       Bread ration      |       |       |     1 |       |       |       ||     1
       Fruit             |       |       |     1 |       |       |       ||     1
Armor: Robe              |     1 |    13 |    28 |    14 |       |       ||    56
       Ring mail         |       |       |       |    15 |    61 |   113 ||   189
       Leather armour    |       |       |       |     8 |       |       ||     8
Dodge: Dodged            |    16 |    37 |   110 |   268 |   164 |   169 ||   764
Block: Shield            |       |       |       |       |   115 |   181 ||   296
